Map: Temple gelé

Players

mho

  • Race: Zerg Zerg
  • League: Bronze

pupu - Winner!

  • Race: Protoss Protoss
  • League: Silver

VOD

Have the link to the VOD?

Description

Time

  • Played on: April 3, 2016, 7:47 a.m.
  • Length: 6:48
Show
View Real Time Build Order
Export as new Build Order

mho Zerg 

Build Orders: Pool First 

Get SALT Encoding   

  12  0:05  Drone  
  13  0:25  Spawning Pool  
  12  0:29  Drone  
  13  0:36  Overlord  
  13  0:40  Drone  
  14  0:57  Drone x2  
  16  1:08  Drone  
  17  1:11  Queen  
  17  1:13  Drone  
  20  1:30  Extractor  
  19  1:38  Hatchery  
  18  1:41  Zergling x4  
  20  2:19  Drone x2  
  20  2:22  Overlord  
  22  2:29  Overlord  
  22  2:39  Overlord  
  22  2:46  Zergling x4  
  24  2:55  Metabolic Boost  
  24  3:03  Zergling x8  
  28  3:15  Zergling x2  
  28  3:16  Zergling x4  
  31  3:28  Spore Crawler  
  31  3:32  Zergling x4  
  31  3:33  Zergling x4  
  34  3:44  Drone x2  
  34  3:45  Drone  
  38  4:02  Drone  
  38  4:03  Drone x2  
  38  4:07  Lair  
  26  4:31  Drone  
  26  4:32  Drone x5  
  32  4:41  Extractor  
  32  4:43  Drone x4  
  35  4:50  Roach Warren  
  34  5:06  Extractor  
  33  5:11  Extractor  
  32  5:24  Zergling x6, Spire  
  32  5:25  Zergling x10  
  39  5:42  Roach x2  
  45  5:43  Roach  
  45  6:07  Drone x2  
  45  6:08  Drone x3  
  50  6:19  Spore Crawler  
  50  6:21  Hatchery  
Show
View Real Time Build Order
Export as new Build Order

pupu Protoss - Winner!

Build Orders:  

Get SALT Encoding   

  12  0:01  Probe (Chrono Boost)  
  13  0:11  Probe (Chrono Boost)  
  14  0:20  Pylon  
  14  0:25  Probe (Chrono Boost)  
  15  0:38  Probe (Chrono Boost)  
  16  0:44  Gateway  
  16  0:49  Probe (Chrono Boost)  
  17  0:59  Probe (Chrono Boost)  
  18  1:10  Probe (Chrono Boost)  
  19  1:13  Forge, Pylon  
  19  1:20  Probe (Chrono Boost)  
  19  1:25  Assimilator x2  
  20  1:31  Probe (Chrono Boost)  
  21  1:40  Cybernetics Core  
  21  1:43  Probe (Chrono Boost)  
  22  1:50  Photon Cannon  
  22  1:56  Probe (Chrono Boost)  
  23  2:01  Zealot  
  25  2:09  Probe (Chrono Boost)  
  26  2:18  Pylon  
  26  2:23  Warp Gate (Chrono Boost)  
  26  2:42  Nexus  
  26  2:48  Probe  
  26  2:49  Pylon  
  27  2:56  Adept  
  29  3:02  Stargate, Probe  
  30  3:13  Gateway  
  30  3:15  Probe  
  31  3:24  Pylon  
  31  3:27  Probe  
  31  3:31  Adept  
  34  3:36  Protoss Ground Weapons Level 1  
  34  3:47  Photon Cannon  
  34  3:49  Probe  
  35  4:02  Oracle (Chrono Boost)  
  36  4:20  Adept  
  36  4:21  Adept  
  40  4:35  Probe  
  40  4:37  Probe  
  42  4:43  Pylon  
  42  4:46  Probe  
  42  4:47  Pylon  
  42  4:49  Probe  
  42  4:51  Gateway  
  42  4:52  Gateway  
  44  4:54  Gateway  
  44  4:56  Pylon  
  44  5:02  Oracle (Chrono Boost)  
  44  5:04  Probe  
  44  5:05  Probe  
  49  5:15  Stalker  
  51  5:24  Assimilator  
  51  5:26  Pylon  
  51  5:28  Probe  
  51  5:29  Probe  
  51  5:30  Assimilator  
  51  5:31  Pylon  
  53  5:39  Probe  
  53  5:41  Probe  
  55  5:48  Void Ray (Chrono Boost)  
  59  5:50  Probe  
  59  5:52  Sentry x2  
  59  5:53  Probe  
  65  5:58  Adept x2  
  65  6:03  Zealot  
  71  6:26  Probe  
  71  6:27  Probe  
Tags
 
Add a new tag
Caveats
  • Supply blocks, unpowered buildings, or Contaminate may cause inaccurate times.
  • Supply counts are checked every 10 seconds.